 Dungeon Crawl Stone Soup version 0.30-a0-137-gd8773701ce (webtiles) character file.

Game seed: 4962961983298861118

528 Bnni the Slasher (level 7, -3/55 HPs)
             Began as a Demonspawn Gladiator on Sept 22, 2022.
             Slain by an orc warrior
             ... wielding a +0 battleaxe
              (13 damage)
             ... on level 4 of the Dungeon.
             The game lasted 00:10:33 (4481 turns).

Bnni the Slasher (Demonspawn Gladiator)             Turns: 4481, Time: 00:10:33

Health: -3/55      AC: 11    Str: 15    XL:     7   Next: 3%
Magic:  7/7        EV:  7    Int:  9    God:
Gold:   198        SH:  0    Dex: 16    Spells: 6/6 levels left

rFire   . . .      SeeInvis .    j - +2 dagger (venom)
rCold   . . .      Faith    .    (no shield)
rNeg    . . .      Spirit   .    y - +0 chain mail
rPois   .          Reflect  .    (helmet restricted)
rElec   .          Harm     .    (no cloak)
rCorr   .          Rampage  .    (no gloves)
Will    .....                    (no boots)
Stlth   ..........               l - amulet of the acrobat
HPRegen 0.18/turn                (no ring)
MPRegen 0.10/turn                (no ring)

@: no status effects
A: antennae 1, molten scales 2, demonic guardian 2
a: no special abilities


You were on level 4 of the Dungeon.
You visited 1 branch of the dungeon, and saw 4 of its levels.

You collected 198 gold pieces.

Inventory:

Hand Weapons
 a - a +0 long sword
 j - a +2 dagger of venom (weapon)
 n - a +2 sling of flaming
Missiles
 d - 3 throwing nets (quivered)
 e - a javelin
Armour
 t - an orb of guile
 y - a +0 chain mail (worn)
Jewellery
 l - an amulet of the acrobat (around neck)
Wands
 q - a wand of mindburst (8)
Scrolls
 h - a scroll of enchant armour
 i - a scroll of fog {unknown}
 k - a scroll of enchant weapon {unknown}
 m - 2 scrolls of teleportation
 o - a scroll of poison {unknown}
 r - a scroll of noise {unknown}
 x - a scroll of vulnerability {unknown}
Potions
 b - a potion of invisibility {unknown}
 c - a potion of haste {unknown}
 f - a potion of attraction {unknown}
 g - 2 potions of heal wounds
 p - 2 potions of magic
 s - a potion of flight {unknown}
 u - a potion of cancellation {unknown}
 v - a potion of ambrosia {unknown}
 w - 2 potions of curing {unknown}


   Skills:
 + Level 4.6 Fighting
 * Level 6.2 Long Blades
 - Level 1.7 Throwing
 - Level 2.6 Dodging


You had 6 spell levels left.
You didn't know any spells.
Your spell library was empty.

Dungeon Overview and Level Annotations

Branches:
Dungeon (4/15)
 Temple: D:4-7

Altars:
Dithmenos

Shops:
D:2 [


Innate Abilities, Weirdness & Mutations

You have a pair of small antennae on your head.
You are mostly covered in molten scales. (AC +3)
A demonic guardian rushes to your aid.


Message History

The orc priest is lightly wounded.
You hit the orc warrior.
The orc warrior is poisoned.
The orc warrior is lightly wounded.
You hit the orc warrior.
The orc warrior looks as sick as possible!
The orc warrior is moderately wounded.
An orc comes into view. It is wielding a +0 short sword.
You closely miss the orc warrior.
The orc warrior is moderately wounded.
You closely miss the orc warrior.
The orc warrior is moderately wounded.
The orc warrior barely misses you. The orc closely misses you.
Unknown command.
You hit the orc but do no damage.
The orc is poisoned.
The orc warrior hits you but does no damage.
The orc hits you but does no damage.
You hit the orc.
The orc looks even sicker.
The orc is lightly wounded.
The orc warrior hits you but does no damage.
The orc hits you but does no damage.
The orc priest casts a cantrip, but nothing happens.
You hit the orc but do no damage.
The orc looks as sick as possible!
The orc is moderately wounded.
The orc warrior hits you with a +0 battleaxe!
The orc hits you with a +0 club.
You barely miss the orc warrior.
The orc warrior is severely wounded.
The orc warrior hits you with a +0 battleaxe!
The orc barely misses you.
You hit the orc but do no damage.
The orc looks as sick as possible!
The orc is severely wounded.
You hit the orc.
You kill the orc!
The orc warrior hits you with a +0 battleaxe!
* * * LOW HITPOINT WARNING * * *
A demonic guardian appears!
You closely miss the orc priest.
The orc priest is severely wounded.
The orc warrior hits you with a +0 battleaxe!
You die...

#§§§.§###......................#.
##..§####......................#.
#..............................#.
#.....................)........#.
#.........)....................+.
#'####'###)##..###....###..##..#.
...<.#..##)##..##########..##..##
.....#...........# #.........
..÷..#..........@#{ #.........
.....#.........4ooo....#.........
.....########...##....##...##....
#####.......#...########...##....
#.......#...#................
#.......#...#................
#.......#...#................
#####.......#######...###..####..
....###......#..#########..####..


You could see an orc warrior (very poisoned, ally target), an orc priest
(poisoned), an orc and a friendly rust devil (summoned).

Vanquished Creatures
  An orc priest (D:4)
  2 hounds (D:4)
  Ijyb (D:4)
  An iguana (D:4)
  Robin (D:3)
  4 gnolls (D:4)
  4 adders
  An ufetubus (D:4)
  2 dart slugs (D:1)
  4 orcs
  4 ball pythons
  7 endoplasms
  3 giant cockroaches
  25 goblins
  9 hobgoblins
  2 quokkas
  2 bats (D:1)
  3 frilled lizards
  5 kobolds
  2 rats
83 creatures vanquished.

Vanquished Creatures (collateral kills)
  A phantom (D:4)
  2 orc priests (D:3)
  6 gnolls (D:4)
  A dart slug (D:4)
  4 orcs
  An endoplasm (D:1)
  A kobold (D:1)
  A quokka (D:1)
  A ball python (D:1)
  A frilled lizard (D:1)
19 creatures vanquished.

Grand Total: 102 creatures vanquished

Notes
Turn   | Place    | Note
-------+----------+-------------------------------------------
     0 | D:1      | Bnni the Demonspawn Gladiator began the quest for the Orb.
     0 | D:1      | Reached XP level 1. HP: 16/16 MP: 1/1
   209 | D:1      | Reached skill level 3 in Long Blades
   333 | D:1      | Gained mutation: A weak demonic guardian rushes to your
                  | aid. [demonic ancestry]
   333 | D:1      | Reached XP level 2. HP: 22/22 MP: 2/2
   678 | D:1      | Found a faded altar of an unknown god.
   788 | D:1      | Gained mutation: A demonic guardian rushes to your aid.
                  | [demonic ancestry]
   788 | D:1      | Reached XP level 3. HP: 28/28 MP: 3/3
  1457 | D:2      | Reached skill level 4 in Long Blades
  1462 | D:2      | Gained mutation: You are partially covered in molten
                  | scales. (AC +2) [demonic ancestry]
  1462 | D:2      | Reached XP level 4. HP: 34/35 MP: 4/4
  1894 | D:2      | Found Catocali's Armour Emporium.
  2173 | D:3      | Gained mutation: You are mostly covered in molten scales.
                  | (AC +3) [demonic ancestry]
  2173 | D:3      | Reached XP level 5. HP: 9/41 MP: 5/5
  2721 | D:3      | Noticed Robin
  2749 | D:3      | Killed Robin
  3000 | D:4      | Reached skill level 5 in Long Blades
  3265 | D:4      | Gained mutation: You have a pair of small antennae on your
                  | head. [demonic ancestry]
  3265 | D:4      | Reached XP level 6. HP: 43/48 MP: 6/6
  3645 | D:4      | Reached skill level 6 in Long Blades
  4034 | D:4      | Found a shadowy altar of Dithmenos.
  4237 | D:4      | Noticed Ijyb
  4251 | D:4      | Killed Ijyb
  4252 | D:4      | Reached XP level 7. HP: 36/55 MP: 7/7
  4481 | D:4      | Slain by an orc warrior

Illustrated notes

Levels and vault maps discovered:
D:1:      minmay_arrival_three_doors, layout_basic,
          chequers_ecumenical_altar_island, minmay_misc_feat_hallway
D:2:      cheibrodos_greedy_goblins, layout_basic, serial_shops,
          nicolae_shop_advertising_works [nicolae_subvault_shop_adworks]
D:3:      layout_basic, uniq_robin
D:4:      layout_gridville, nicolae_dithmenos_the_darkroom,
          hangedman_decor_clover_reticule, uniq_ijyb

Skill      XL: |  1  2  3  4  5  6 |
---------------+-------------------+-----
Long Blades    | 3 4 5 6 |  6.2
Fighting       | 3 4 |  4.6
Throwing       | |  1.7
Dodging        | |  2.6

Action                   |  1- 3 |  4- 6 |  7- 9 || total
-------------------------+-------+-------+-------++-------
Melee: Long sword        |   104 |    10 |       ||   114
       Dagger            |    11 |   171 |    17 ||   199
       Punch             |       |     1 |       ||     1
 Fire: Sling             |     4 |       |       ||     4
  Use: Scroll            |       |     4 |       ||     4
Armor: Leather armour    |    28 |       |       ||    28
       Ring mail         |    11 |    54 |       ||    65
       Chain mail        |       |     6 |     5 ||    11
Dodge: Dodged            |    81 |    91 |     8 ||   180

Table legend: (Time is in decaauts)
 A = Elapsed time spent in this place.
 B = Non-inter-level travel time spent in this place.
 C = Inter-level travel time spent in this place.
 D = Time resting spent in this place.
 E = Time spent auto-exploring this place.
 F = Levels seen in this place.
 G = Mean time per level.
                   A        B        C        D        E       F      G
               +--------+--------+--------+--------+--------+-----+--------+
         Total |   4478 |   4345 |    133 |    362 |   3245 |   4 | 1119.5 |
       Dungeon |   4478 |   4345 |    133 |    362 |   3245 |   4 | 1119.5 |
               +--------+--------+--------+--------+--------+-----+--------+

Top non-repeatable levels by time:
     D:4: 1499 daAuts
     D:1: 1020 daAuts
     D:3: 1002 daAuts
     D:2: 956 daAuts
